[Event "Titled Tuesday Blitz January 03 Early 2023"]
[White "Skvortsov, Andrei"]
[Black "Sailer, Mike"]
[WhiteFideId "24108600"]
[BlackFideId "2012901"]
[WhiteElo "2313"]
[BlackElo "2109"]
[Result "1-0"]
[Round "02"]
[TimeControl "180+2"]
[Date "2023.01.03"]
[WhiteClock "0:00:23"]
[BlackClock "0:00:05"]

1. d4 d5 2. Nf3 Bf5 3. c4 e6 4. Nc3 Nc6 5. a3 Nf6 6. e3 Be7 7. Bd3 Bxd3 8. Qxd3 O-O 9. O-O Na5 10. cxd5 exd5 11. Ne2 Nc4 12. b3 Nd6 13. Ne5 c6 14. f3 a5 15. g4 Nd7 16. Ng3 Bh4 17. Kg2 Bxg3 18. hxg3 f6 19. Nxd7 Qxd7 20. Rh1 f5 21. gxf5 Qxf5 22. Qxf5 Nxf5 23. g4 Nd6 24. Rh5 Rf7 25. Bd2 a4 26. Bb4 Nb5 27. Rb1 axb3 28. Rxb3 Rd8 29. a4 Nd6 30. Bxd6 Rxd6 31. Re5 g6 32. a5 Rdf6 33. f4 Rd6 34. Rb6 Kf8 35. a6 bxa6 36. Rxa6 Rb7 37. Ra8+ Kg7 38. Ree8 Rdd7 39. Rg8+ Kf7 40. Rgc8 Rbc7 41. Rh8 Ke6 42. Rae8+ Kd6 43. Kf3 Re7 44. Rd8+ Red7 45. Ra8 Ra7 46. f5 Rxa8 47. Rxa8 gxf5 48. gxf5 Rg7 49. Kf4 Rg1 50. Rd8+ Ke7 51. Rh8 Kf6 52. Rf8+ Ke7 53. Rc8 Kd7 54. Rh8 Rh1 55. Ke5 Rh3 56. f6 Rxe3+ 57. Kf4 Rh3 58. f7 Rh4+ 59. Kg5 1-0


[Site "https://www.chess.com"]

[Event "Titled Tuesday Blitz January 03 Early 2023"]
[White "Rangel, Daniel"]
[Black "rhinobritos"]
[WhiteFideId "2124475"]
[WhiteElo "2207"]
[BlackElo "2994"]
[Result "0-1"]
[Round "02"]
[TimeControl "180+2"]
[Date "2023.01.03"]
[WhiteClock "0:00:46"]
[BlackClock "0:01:20"]

1. c4 e6 2. g3 d5 3. Bg2 g6 4. Nf3 Bg7 5. O-O Ne7 6. Nc3 d4 7. Na4 O-O 8. d3 Nbc6 9. Rb1 a5 10. a3 b6 11. b4 axb4 12. axb4 Bb7 13. Nd2 Qc8 14. Ne4 h6 15. b5 Nd8 16. c5 bxc5 17. Naxc5 Bd5 18. Qc2 f5 19. Nd2 Bxg2 20. Kxg2 Nb7 21. Nf3 g5 22. Qc4 Nd5 23. Nxd4 Nd6 24. Qc3 Nxc3 0-1


[Site "https://www.chess.com"]

[Event "Titled Tuesday Blitz January 03 Early 2023"]
[White "Kamsky, Gata"]
[Black "Mei, Austin"]
[WhiteFideId "2000024"]
[BlackFideId "30948479"]
[WhiteElo "2665"]
[BlackElo "2218"]
[Result "1-0"]
[Round "02"]
[TimeControl "180+2"]
[Date "2023.01.03"]
[WhiteClock "0:02:03"]
[BlackClock "0:01:46"]

1. d4 Nf6 2. Bf4 d6 3. Nf3 g6 4. h3 Bg7 5. c3 O-O 6. Nbd2 Nbd7 7. e4 e5 8. dxe5 Nh5 9. Bg5 Qe8 10. exd6 cxd6 11. Be2 Nc5 12. O-O Nxe4 13. Nxe4 Qxe4 14. Re1 Nf4 15. Bf1 Qf5 16. g4 1-0


[Site "https://www.chess.com"]

[Event "Titled Tuesday Blitz January 03 Early 2023"]
[White "Melaugh, Shane"]
[Black "Indjic, Aleksandar"]
[WhiteFideId "2509580"]
[BlackFideId "911925"]
[WhiteElo "2115"]
[BlackElo "2618"]
[Result "1-0"]
[Round "02"]
[TimeControl "180+2"]
[Date "2023.01.03"]
[WhiteClock "0:00:39"]
[BlackClock "0:00:49"]

1. c4 g6 2. Nc3 Bg7 3. g3 c5 4. Bg2 Nc6 5. e4 d6 6. Nge2 h5 7. h3 e6 8. d3 Nge7 9. a3 Rb8 10. Rb1 b6 11. b4 Bb7 12. b5 Nd4 13. Nxd4 cxd4 14. Ne2 f5 15. O-O h4 16. Bg5 hxg3 17. fxg3 Qd7 18. Nf4 Bh6 19. Bf6 Rg8 20. exf5 Nxf5 21. Bxb7 Rxb7 22. Qf3 Bxf4 23. Qxf4 e5 24. Qe4 Nxg3 25. Qd5 Rf8 26. Rf2 Nf5 27. Bg5 Rc7 28. Rbf1 Qf7 29. Rxf5 gxf5 30. Qxd6 Rc8 31. Rxf5 Rg8 32. Rxe5+ 1-0


[Site "https://www.chess.com"]

[Event "Titled Tuesday Blitz January 03 Early 2023"]
[White "Lashkin, Jegor"]
[Black "Golubova, Anna"]
[WhiteFideId "13907808"]
[BlackFideId "24173606"]
[WhiteElo "2416"]
[BlackElo "2156"]
[Result "1-0"]
[Round "02"]
[TimeControl "180+2"]
[Date "2023.01.03"]
[WhiteClock "0:00:59"]
[BlackClock "0:00:01"]

1. c4 c6 2. Nf3 d5 3. g3 Nf6 4. Bg2 Bf5 5. Qb3 Qb6 6. d3 e6 7. Be3 Qc7 8. Nc3 Nbd7 9. cxd5 exd5 10. Rc1 Nb6 11. O-O Be7 12. a4 Rd8 13. Nd4 Bg6 14. Ncb5 Qb8 15. Bf4 Bd6 16. Nxd6+ Rxd6 17. Bxd6 Qxd6 18. a5 Nbd7 19. Qxb7 O-O 20. Nxc6 Re8 21. Rfe1 h5 22. Qb4 Qe6 23. Nxa7 Ne5 24. Nb5 Rb8 25. Qa4 Nfg4 26. Nc7 Qf6 27. Qf4 Qd6 28. Nxd5 Rxb2 29. d4 Ra2 30. dxe5 Qa3 31. Qb4 Qxa5 32. Qxa5 Rxa5 33. Ne7+ Kh7 34. Nxg6 1-0


[Site "https://www.chess.com"]

[Event "Titled Tuesday Blitz January 03 Early 2023"]
[White "Ordekalog"]
[Black "Melikhov, Evgeny V."]
[BlackFideId "4122046"]
[WhiteElo "2701"]
[BlackElo "2269"]
[Result "1-0"]
[Round "02"]
[TimeControl "180+2"]
[Date "2023.01.03"]
[WhiteClock "0:00:26"]
[BlackClock "0:00:23"]

1. e4 e5 2. Nf3 Nc6 3. Bb5 a6 4. Bxc6 dxc6 5. O-O f6 6. d4 exd4 7. Nxd4 c5 8. Nb3 Qxd1 9. Rxd1 Bd7 10. Bf4 O-O-O 11. Nc3 Be6 12. Rxd8+ Kxd8 13. Rd1+ Kc8 14. Nd5 Bxd5 15. Rxd5 b6 16. a4 a5 17. Nd2 Ne7 18. Rd3 Nc6 19. c3 Be7 20. Nc4 g5 21. Bg3 h5 22. h4 Rd8 23. Rxd8+ Bxd8 24. f3 Kd7 25. Kf2 Ke6 26. Ne3 Ne5 27. Ke2 c6 28. b3 b5 29. c4 bxa4 30. bxa4 Nd7 31. Nf5 Nb6 32. Kd3 Nxa4 33. Be1 Nb2+ 34. Kc3 Na4+ 35. Kb3 Nb6 36. Bxa5 Kd7 37. Bxb6 Bxb6 38. Ng7 gxh4 39. Nxh5 Ke6 40. Kc3 Ke5 41. Kd3 Bc7 42. f4+ Ke6 43. Ke3 Kf7 44. Kf3 Kg6 45. Kg4 Bb8 46. f5+ Kf7 47. Kxh4 Be5 48. Kg4 Bd4 49. Nf4 Ke7 50. Kh5 Kf7 51. g4 Be5 52. Nd3 Bd4 53. g5 fxg5 54. Kxg5 Be3+ 55. Kg4 Kf6 56. e5+ Ke7 57. Kh5 Bd2 58. Kg6 Be3 59. Kg7 Bd4 60. f6+ Ke6 61. f7 1-0


[Site "https://www.chess.com"]

[Event "Titled Tuesday Blitz January 03 Early 2023"]
[White "Dourerassou, Jonathan"]
[Black "Silva, Caio Henrique Angelico"]
[WhiteFideId "628050"]
[BlackFideId "22777210"]
[WhiteElo "2414"]
[BlackElo "2129"]
[Result "1-0"]
[Round "02"]
[TimeControl "180+2"]
[Date "2023.01.03"]
[WhiteClock "0:02:14"]
[BlackClock "0:01:17"]

1. d4 Nf6 2. Bg5 d5 3. Bxf6 gxf6 4. g3 c6 5. Bg2 Bf5 6. c3 e6 7. Nf3 Nd7 8. Nbd2 Bg6 9. Nh4 Be7 10. e4 dxe4 11. Nxg6 hxg6 12. Nxe4 f5 13. Nd2 Qb6 14. Qb3 e5 15. d5 e4 16. dxc6 bxc6 17. Nc4 Qxb3 18. axb3 Nc5 19. b4 Nd3+ 20. Ke2 c5 21. b5 Rb8 22. Rxa7 Kf8 23. b6 Bd8 24. b7 Kg7 25. f3 exf3+ 26. Bxf3 1-0


[Site "https://www.chess.com"]

[Event "Titled Tuesday Blitz January 03 Early 2023"]
[White "Wagner, Dennis"]
[Black "Pourkashiyan, Atousa"]
[WhiteFideId "24650684"]
[BlackFideId "12502014"]
[WhiteElo "2595"]
[BlackElo "2282"]
[Result "1-0"]
[Round "02"]
[TimeControl "180+2"]
[Date "2023.01.03"]
[WhiteClock "0:00:19"]
[BlackClock "0:00:09"]

1. d4 Nf6 2. Nf3 e6 3. c4 d5 4. cxd5 exd5 5. Nc3 c6 6. Bf4 Be7 7. e3 O-O 8. Bd3 Nbd7 9. h3 Re8 10. Qc2 Nf8 11. O-O-O Be6 12. g4 c5 13. Kb1 c4 14. Bf5 Bxf5 15. gxf5 b5 16. Nxb5 Ne4 17. Nc7 Qd7 18. Nxa8 Rxa8 19. Nd2 Nxf2 20. Nxc4 Nxd1 21. Ne5 Nxe3 22. Bxe3 Qb5 23. Rg1 Bf6 24. Ng4 Nd7 25. Qc7 Rb8 26. Bc1 Bxd4 27. Nh6+ Kh8 28. Nxf7+ Kg8 29. Nh6+ Kh8 30. Nf7+ Kg8 31. Nd6 Qd3+ 32. Ka1 Bxg1 33. Qxd7 Qe3 34. Bxe3 Bxe3 35. Qe6+ 1-0


[Site "https://www.chess.com"]

[Event "Titled Tuesday Blitz January 03 Early 2023"]
[White "Tatarinov, Dmitry"]
[Black "Nathan, Nitish"]
[WhiteFideId "24160067"]
[BlackFideId "30927870"]
[WhiteElo "2310"]
[BlackElo "2071"]
[Result "1-0"]
[Round "02"]
[TimeControl "180+2"]
[Date "2023.01.03"]
[WhiteClock "0:01:08"]
[BlackClock "0:00:25"]

1. e4 c5 2. Nf3 Nc6 3. Bb5 e6 4. O-O Nge7 5. c3 a6 6. Ba4 b5 7. Bc2 d5 8. exd5 Nxd5 9. a4 b4 10. Re1 Be7 11. d4 O-O 12. c4 Nf6 13. Be3 cxd4 14. Nxd4 Bb7 15. Nxc6 Bxc6 16. Nd2 a5 17. Nb3 Qc7 18. Nd4 Bd7 19. Qe2 Rfc8 20. b3 Bc5 21. Rad1 Qb7 22. Bg5 Ne8 23. Be4 Qb6 24. Bxa8 Rxa8 25. Nb5 Bc6 26. Be3 Nf6 27. Bxc5 Qxc5 28. Qe5 Qb6 29. Qc7 Qxc7 30. Nxc7 Rc8 31. Nb5 Bxb5 32. axb5 Kf8 33. Ra1 Ra8 34. f3 Nd7 35. Kf2 Nc5 36. Re3 Ke7 37. Ke2 Kd6 38. h4 f5 39. f4 Ne4 40. Rd3+ Kc7 41. Ke3 Nc5 42. Rad1 Nxd3 43. Rxd3 a4 44. bxa4 Rxa4 45. Kd4 Ra2 46. Kc5 Rxg2 47. Kxb4 Rf2 48. Rd4 Re2 49. Kc5 Rb2 50. Rd6 Re2 51. b6+ Kc8 52. Kc6 Rb2 53. Rxe6 Kd8 54. b7 Rb1 55. c5 g6 56. Rd6+ Ke8 57. Rd7 h6 58. Rh7 h5 59. Rh8+ Ke7 60. b8=Q Rxb8 61. Rxb8 Kf6 62. Kd6 g5 63. hxg5+ Kg6 64. Rh8 h4 65. Rxh4 Kg7 66. c6 Kg6 67. c7 Kg7 68. c8=Q Kg6 69. Qg8# 1-0


[Site "https://www.chess.com"]

[Event "Titled Tuesday Blitz January 03 Early 2023"]
[White "Salimova, Nurgyul"]
[Black "Mihailidis, Anastasios"]
[WhiteFideId "2915138"]
[BlackFideId "4205588"]
[WhiteElo "2391"]
[BlackElo "2208"]
[Result "1-0"]
[Round "02"]
[TimeControl "180+2"]
[Date "2023.01.03"]
[WhiteClock "0:00:25"]
[BlackClock "0:00:07"]

1. d4 d5 2. Nf3 Nf6 3. c4 e6 4. g3 Be7 5. Bg2 O-O 6. Nc3 dxc4 7. Ne5 Nc6 8. Bxc6 bxc6 9. Nxc6 Qe8 10. Nxe7+ Qxe7 11. Qa4 Bb7 12. f3 c5 13. Qxc4 cxd4 14. Qxd4 Rfd8 15. Qh4 Qc5 16. Bg5 Rd4 17. Be3 Ng4 18. Bxd4 Qxd4 19. Qxg4 Qxg4 20. fxg4 Bxh1 21. O-O-O Bc6 22. b4 Kf8 23. b5 Be8 24. a4 Rc8 25. Kb2 Ke7 26. Kb3 f6 27. Kb4 e5 28. Rd5 Bf7 29. Rc5 Rd8 30. Rc7+ Kf8 31. Rxa7 Rd4+ 32. Ka5 Rc4 33. b6 Rxc3 34. b7 Rc5+ 35. Kb6 Rc1 36. b8=Q+ Be8 37. Qd6+ Kg8 38. Qe6+ 1-0


[Site "https://www.chess.com"]

[Event "Titled Tuesday Blitz January 03 Early 2023"]
[White "Kovacsy, Barnabas"]
[Black "Bayramov, Zaur"]
[WhiteFideId "769290"]
[BlackFideId "13405080"]
[WhiteElo "2245"]
[BlackElo "2276"]
[Result "0-1"]
[Round "02"]
[TimeControl "180+2"]
[Date "2023.01.03"]
[WhiteClock "0:00:48"]
[BlackClock "0:01:44"]

1. e4 g6 2. d4 Bg7 3. Nf3 d6 4. Be2 Nf6 5. Nc3 O-O 6. O-O Nc6 7. h3 e5 8. dxe5 Nxe5 9. Nxe5 dxe5 10. Qxd8 Rxd8 11. Be3 c6 12. Rad1 Re8 13. Bc4 Be6 14. Bxe6 Rxe6 15. f3 Ree8 16. Rd2 h6 17. Rfd1 Bf8 18. a3 Kg7 19. Kf2 b6 20. Ne2 Be7 21. g3 Rec8 22. Nc1 h5 23. Nd3 Nd7 24. Nb4 Nc5 25. Nd3 Nxd3+ 26. Rxd3 Kf6 27. Rd7 Ke6 28. c4 Rd8 29. Rxd8 Bxd8 30. Ke2 f5 31. Kd3 Be7 32. b4 Rd8+ 33. Ke2 Rb8 34. Kd3 a5 35. Rb1 axb4 36. axb4 b5 37. cxb5 cxb5 38. Bd2 Rd8+ 39. Ke3 fxe4 40. fxe4 Bg5+ 0-1


[Site "https://www.chess.com"]

[Event "Titled Tuesday Blitz January 03 Early 2023"]
[White "Diaz Villagran, Robert"]
[Black "Zia, Tahsin Tajwar"]
[WhiteFideId "3404056"]
[BlackFideId "10211888"]
[WhiteElo "2315"]
[BlackElo "2315"]
[Result "1-0"]
[Round "02"]
[TimeControl "180+2"]
[Date "2023.01.03"]
[WhiteClock "0:00:28"]
[BlackClock "0:00:04"]

1. e4 c6 2. d4 d5 3. f3 e6 4. Nc3 Bb4 5. Bf4 Nf6 6. Qd3 Qa5 7. Ne2 c5 8. dxc5 Nbd7 9. O-O-O Nxc5 10. Qb5+ Bd7 11. Qxa5 Bxa5 12. exd5 O-O 13. dxe6 Bxe6 14. Bd6 Rfc8 15. Kb1 Rc6 16. Be5 Ncd7 17. Bd4 Bb6 18. Nf4 Bxd4 19. Rxd4 Rac8 20. Bb5 R6c7 21. Nxe6 fxe6 22. Re1 Kf7 23. Bxd7 Rxd7 24. Rxd7+ Nxd7 25. Ne4 Rc6 26. b3 Nf6 27. Ng5+ Ke7 28. c4 h6 29. Nh3 g5 30. Nf2 Rd6 31. Kc2 Nd7 32. Nd3 Kf6 33. Re4 e5 34. h4 b6 35. Kc3 Kf5 36. hxg5 hxg5 37. b4 Kf6 38. c5 b5 39. cxd6 1-0


[Site "https://www.chess.com"]

[Event "Titled Tuesday Blitz January 03 Early 2023"]
[White "Khumalo, Keith"]
[Black "Matveeva, Olga"]
[WhiteFideId "14319470"]
[BlackFideId "24107018"]
[WhiteElo "2099"]
[BlackElo "2128"]
[Result "1-0"]
[Round "02"]
[TimeControl "180+2"]
[Date "2023.01.03"]
[WhiteClock "0:02:18"]
[BlackClock "0:00:50"]

1. d4 d5 2. c4 e6 3. Nf3 Nf6 4. g3 Bb4+ 5. Bd2 Be7 6. Qc2 O-O 7. Bg2 Nbd7 8. O-O c6 9. Bf4 b6 10. Nbd2 Bb7 11. e4 dxe4 12. Nxe4 Nxe4 13. Qxe4 Nf6 14. Qe2 c5 15. Rfd1 Qc8 16. d5 Rd8 17. Bh3 Nxd5 18. cxd5 Bxd5 19. Bg2 Qb7 20. Ne1 Bxg2 21. Nxg2 Bf6 22. Be5 Bxe5 23. Qxe5 Qf3 24. Rxd8+ Rxd8 25. Qe3 Qd5 26. a3 h6 27. Nf4 Qc4 28. Rc1 Qa2 29. Qe2 Qb3 30. Qc2 Qf3 31. Qe2 Qxe2 32. Nxe2 Rd2 33. Nc3 Rxb2 34. a4 Kf8 35. Kg2 Ke7 36. Nb5 Ra2 37. Nxa7 Rxa4 38. Nc8+ Kf6 39. Nxb6 Rb4 40. Nd7+ Kg6 41. Nxc5 Rb2 42. Nd3 Ra2 43. Rc7 f6 44. Nf4+ Kf5 45. Rxg7 e5 46. Nd5 1-0


[Site "https://www.chess.com"]

[Event "Titled Tuesday Blitz January 03 Early 2023"]
[White "Alfaro, William"]
[Black "Aaditya Dhingra"]
[WhiteFideId "6100457"]
[BlackFideId "25678191"]
[WhiteElo "2134"]
[BlackElo "2027"]
[Result "1-0"]
[Round "02"]
[TimeControl "180+2"]
[Date "2023.01.03"]
[WhiteClock "0:00:55"]
[BlackClock "0:00:55"]

1. Nf3 Nf6 2. g3 b6 3. Bg2 Bb7 4. O-O g6 5. d3 Bg7 6. e4 d6 7. Re1 O-O 8. Nbd2 c5 9. Nf1 Nc6 10. h4 b5 11. N1h2 a5 12. Bg5 Ne5 13. Qd2 a4 14. c3 b4 15. a3 bxc3 16. bxc3 Ba6 17. Bf1 Nfg4 18. d4 Nxh2 19. Nxh2 cxd4 20. cxd4 Bxf1 21. Kxf1 Nc4 22. Qd3 Na5 23. Rac1 Nb3 24. Rc4 Qd7 25. Kg2 h6 26. Be3 d5 27. exd5 Qxd5+ 28. Nf3 Rfc8 29. Rxc8+ Rxc8 30. Rd1 Rd8 31. Qa6 e5 32. Qxa4 exd4 33. Bf4 d3 34. Qb4 Nc5 35. a4 Ne6 36. Be3 Bf8 37. Qc3 g5 38. hxg5 hxg5 39. Qe5 Qc6 40. Bxg5 Rd5 41. Rc1 Qb7 42. Qe4 Qd7 43. Bd2 Rh5 44. Qg4+ 1-0


[Site "https://www.chess.com"]

[Event "Titled Tuesday Blitz January 03 Early 2023"]
[White "Renjith, Sravan"]
[Black "Liu, Kelsey"]
[WhiteFideId "4306783"]
[BlackFideId "30944481"]
[WhiteElo "2172"]
[BlackElo "2065"]
[Result "1-0"]
[Round "02"]
[TimeControl "180+2"]
[Date "2023.01.03"]
[WhiteClock "0:02:04"]
[BlackClock "0:01:03"]

1. d4 Nf6 2. Bf4 e6 3. e3 d5 4. Nf3 Be7 5. Bd3 c5 6. c3 Nc6 7. O-O O-O 8. Nbd2 Re8 9. h3 Bd6 10. Ne5 Ne7 11. Ndf3 Nf5 12. Ng5 Rf8 13. g4 Nh4 14. Bg3 Ng6 15. f4 Bc7 16. h4 h6 17. Ngxf7 Rxf7 18. Bxg6 Rf8 19. g5 Nh7 20. Qh5 Rf5 21. Bxf5 exf5 22. Qf7+ 1-0


[Site "https://www.chess.com"]

[Event "Titled Tuesday Blitz January 03 Early 2023"]
[White "Goltseva, Ekaterina"]
[Black "Fajdetic, Hrvoje"]
[WhiteFideId "24173770"]
[BlackFideId "14501945"]
[WhiteElo "2283"]
[BlackElo "2151"]
[Result "1-0"]
[Round "02"]
[TimeControl "180+2"]
[Date "2023.01.03"]
[WhiteClock "0:00:57"]
[BlackClock "0:00:57"]

1. d4 e6 2. c4 f5 3. Nc3 Nf6 4. Nf3 Bb4 5. Bd2 Bxc3 6. Bxc3 Ne4 7. Qc2 O-O 8. e3 d6 9. Bd3 Nxc3 10. Qxc3 Nc6 11. O-O Qf6 12. e4 e5 13. dxe5 Nxe5 14. Nxe5 Qxe5 15. Qxe5 dxe5 16. exf5 Bxf5 17. Bxf5 Rxf5 18. Rad1 Re8 19. Rd7 Rf7 20. Rfd1 g6 21. f3 Ree7 22. Rxe7 Rxe7 23. Kf2 Kf7 24. Ke3 Ke6 25. Ke4 c6 26. c5 Kf7 27. b4 Kf6 28. Rd6+ Kf7 29. h4 h6 30. h5 gxh5 31. Rxh6 Re6 32. Rxh5 Rg6 33. Rh7+ Ke6 34. g4 Rf6 35. Rxb7 Rf4+ 36. Ke3 Kd5 37. g5 a5 38. g6 Rf8 39. g7 Rg8 40. bxa5 Kxc5 41. a6 1-0


[Site "https://www.chess.com"]

[Event "Titled Tuesday Blitz January 03 Early 2023"]
[White "Zainullina, Nataliya"]
[Black "Bayo Milagro, Alvaro"]
[WhiteFideId "4145488"]
[BlackFideId "22275240"]
[WhiteElo "2099"]
[BlackElo "2287"]
[Result "0-1"]
[Round "02"]
[TimeControl "180+2"]
[Date "2023.01.03"]
[WhiteClock "0:01:51"]
[BlackClock "0:02:02"]

1. Nf3 Nf6 2. c4 c5 3. Nc3 d5 4. cxd5 Nxd5 5. e4 Nxc3 6. bxc3 g6 7. d4 Bg7 8. Bc4 O-O 9. O-O Bg4 10. Rb1 cxd4 11. cxd4 Nc6 12. Rxb7 Nxd4 13. Be2 Bxf3 14. Bxf3 e6 15. Be3 Nxf3+ 16. Qxf3 Qa5 17. Qe2 Rfb8 18. Rfb1 Rxb7 19. Rxb7 Qc3 20. g3 Qc6 21. Rb4 a5 22. Rc4 Qb7 23. Qc2 Rb8 24. h3 h5 25. Kh2 h4 26. Rc7 hxg3+ 27. fxg3 Qb2 28. Kg2 Be5 29. Rc8+ Rxc8 30. Qxb2 Bxb2 0-1


[Site "https://www.chess.com"]

[Event "Titled Tuesday Blitz January 03 Early 2023"]
[White "Fedoseev, Vladimir"]
[Black "Pein, Jonathan"]
[WhiteFideId "24130737"]
[BlackFideId "417092"]
[WhiteElo "2680"]
[BlackElo "2265"]
[Result "1-0"]
[Round "02"]
[TimeControl "180+2"]
[Date "2023.01.03"]
[WhiteClock "0:01:03"]
[BlackClock "0:00:06"]

1. d4 Nf6 2. c4 g6 3. g3 Bg7 4. Bg2 O-O 5. Nc3 c6 6. e4 d6 7. Nge2 Nbd7 8. O-O e5 9. d5 cxd5 10. exd5 Ne8 11. Be3 b6 12. Rc1 f5 13. f4 Bb7 14. b4 Rc8 15. Qb3 Nef6 16. h3 Rf7 17. Nb5 Qe7 18. Nxa7 Re8 19. Rfe1 Ne4 20. Nc6 Bxc6 21. dxc6 Ndf6 22. Bxb6 Nh5 23. fxe5 Bxe5 24. Rcd1 Qf6 25. Bxe4 fxe4 26. Rf1 Qg5 27. Rxf7 Nxg3 28. Nxg3 Bxg3 29. c5 d5 30. Qxd5 Be5+ 31. Kf1 Kh8 32. Bc7 Bxc7 33. Qxg5 e3 34. Qf6+ 1-0


[Site "https://www.chess.com"]

[Event "Titled Tuesday Blitz January 03 Early 2023"]
[White "Pranav, V"]
[Black "Avazkhonov, Alikhon"]
[WhiteFideId "25060783"]
[BlackFideId "14208504"]
[WhiteElo "2597"]
[BlackElo "1538"]
[Result "1-0"]
[Round "02"]
[TimeControl "180+2"]
[Date "2023.01.03"]
[WhiteClock "0:01:33"]
[BlackClock "0:00:04"]

1. e4 c5 2. Nf3 d6 3. c3 Nf6 4. Be2 Nbd7 5. Qc2 e6 6. O-O g6 7. Re1 Bg7 8. Bf1 O-O 9. h3 b6 10. d4 Bb7 11. e5 dxe5 12. dxe5 Nd5 13. Nbd2 Qc7 14. Nc4 a6 15. Qe4 Nxc3 16. Qh4 Bxf3 17. gxf3 Nb5 18. f4 Nd4 19. Bg2 Nc2 20. Bxa8 Rxa8 21. Be3 Nxa1 22. Rxa1 b5 23. Nd6 c4 24. Rd1 Nc5 25. Qg5 h6 26. Qg2 Rd8 27. Rd2 Nd3 28. h4 b4 29. h5 gxh5 30. Kh2 Kh8 31. Qf3 Nxe5 32. fxe5 Bxe5+ 33. Bf4 Bxd6 34. Rxd6 Rxd6 35. Be5+ Kg8 36. Qg3+ 1-0


[Site "https://www.chess.com"]

[Event "Titled Tuesday Blitz January 03 Early 2023"]
[White "Lazavik, Denis"]
[Black "Valle Maytin, Luis Enrique"]
[WhiteFideId "13515110"]
[BlackFideId "3503666"]
[WhiteElo "2544"]
[BlackElo "2241"]
[Result "1-0"]
[Round "02"]
[TimeControl "180+2"]
[Date "2023.01.03"]
[WhiteClock "0:01:44"]
[BlackClock "0:00:22"]

1. d4 Nf6 2. c4 e6 3. Nf3 b6 4. g3 Bb7 5. Bg2 Be7 6. O-O O-O 7. Re1 Ne4 8. Nfd2 d5 9. cxd5 exd5 10. Nxe4 dxe4 11. Nc3 Bf6 12. Nxe4 Bxd4 13. e3 Be5 14. Nf6+ Qxf6 15. Bxb7 Nc6 16. Qa4 Ne7 17. Bxa8 Rxa8 18. Rb1 a5 19. Qc2 c5 20. b3 Ng6 21. f4 Bc3 22. Bb2 Bxb2 23. Qxb2 Qc6 24. Rbd1 Re8 25. Qg2 Qe6 26. e4 Qg4 27. h3 Qc8 28. Kh2 h6 29. e5 Ne7 30. Qd2 Nc6 31. Qd7 Qa8 32. e6 fxe6 33. Rxe6 Rd8 34. Qxc6 Qxc6 35. Rxd8+ Kf7 36. Rxc6 1-0


[Site "https://www.chess.com"]

[Event "Titled Tuesday Blitz January 03 Early 2023"]
[White "Rengifo Blancas, Renzo Jhonathan"]
[Black "Kovalenko, Igor"]
[WhiteFideId "3807185"]
[BlackFideId "14117908"]
[WhiteElo "2131"]
[BlackElo "2674"]
[Result "0-1"]
[Round "02"]
[TimeControl "180+2"]
[Date "2023.01.03"]
[WhiteClock "0:00:03"]
[BlackClock "0:01:25"]

1. e4 c5 2. c3 Nf6 3. e5 Nd5 4. d4 cxd4 5. Nf3 d6 6. cxd4 dxe5 7. Nxe5 e6 8. Bd3 Nc6 9. Nxc6 bxc6 10. O-O Be7 11. Nc3 Bf6 12. Be3 O-O 13. Qf3 Rb8 14. Rab1 Qa5 15. a3 Ba6 16. Nxd5 cxd5 17. Qe2 Bxd3 18. Qxd3 Qb5 19. Qxb5 Rxb5 20. b4 Rfb8 21. Rbc1 a5 22. bxa5 Rxa5 23. Rc3 Rba8 24. f4 g6 25. Ra1 Ra4 26. Rd3 h5 27. Kf2 Rb8 28. Ra2 Rc8 29. Ke2 Rcc4 30. g3 Kf8 31. Rd1 Ke8 32. Bf2 Kd7 33. Rd3 Kc6 34. Rad2 Be7 35. Ra2 Bd8 36. Rb2 Bb6 37. Rdb3 Bc7 38. Be3 Ra6 39. Kd3 Rca4 40. Rc3+ Kd6 41. f5 Rxa3 42. Bf4+ Kd7 43. Rb7 Rxc3+ 44. Kxc3 Rc6+ 45. Kb4 gxf5 46. Kb5 Rc4 47. Be5 Kc8 48. Ra7 Rc2 49. Bf6 Kb8 50. Ra4 Kb7 51. Rb4 Bd6 52. Ka4+ Bxb4 53. Kxb4 Kc6 54. Kb3 Rxh2 0-1


[Site "https://www.chess.com"]

[Event "Titled Tuesday Blitz January 03 Early 2023"]
[White "Zierk, Steven"]
[Black "Martin Duque, Jesus"]
[WhiteFideId "2034255"]
[BlackFideId "2208954"]
[WhiteElo "2488"]
[BlackElo "2386"]
[Result "1-0"]
[Round "02"]
[TimeControl "180+2"]
[Date "2023.01.03"]
[WhiteClock "0:00:22"]
[BlackClock "0:00:40"]

1. e4 c5 2. Nf3 b6 3. d4 cxd4 4. Nxd4 Bb7 5. Nc3 a6 6. a4 e6 7. Be3 Bb4 8. Qg4 Nf6 9. Qxg7 Rg8 10. Qh6 Rg6 11. Qh3 Nxe4 12. O-O-O Bxc3 13. bxc3 Qe7 14. Kb2 Nc6 15. Qxh7 O-O-O 16. Nb3 Qf6 17. Qh3 Qxc3+ 18. Kb1 Nb4 19. Bd3 Rh8 20. Qf3 Nxd3 21. Rxd3 Qxd3 22. cxd3 Nc3+ 23. Kb2 Nxa4+ 24. Ka3 Bxf3 25. gxf3 b5 26. Kb4 Rh4+ 27. Ka5 Kb7 28. Rc1 e5 29. d4 exd4 30. Nxd4 Nb6 31. Kb4 Nd5+ 32. Kb3 Nxe3 33. fxe3 Rxh2 34. Rd1 Kb6 35. Nf5 a5 36. Rxd7 a4+ 37. Ka3 Rc6 38. Nd4 Rc3+ 39. Kb4 Rc4+ 40. Ka3 Rh1 41. Rxf7 Ra1+ 42. Kb2 Rcc1 43. Rf6+ Kc5 44. Rc6+ Kb4 45. Rxc1 Ra3 46. Nc6# 1-0


[Site "https://www.chess.com"]

[Event "Titled Tuesday Blitz January 03 Early 2023"]
[White "Arpita, Mukherjee"]
[Black "Ibarra Jerez, Jose Carlos"]
[WhiteFideId "5056403"]
[BlackFideId "2226332"]
[WhiteElo "2203"]
[BlackElo "2563"]
[Result "0-1"]
[Round "02"]
[TimeControl "180+2"]
[Date "2023.01.03"]
[WhiteClock "0:00:03"]
[BlackClock "0:00:17"]

1. e4 c5 2. Nf3 Nc6 3. Bb5 e6 4. O-O Nge7 5. d4 cxd4 6. Nxd4 Ng6 7. Bxc6 bxc6 8. c4 c5 9. Ne2 Bb7 10. Nbc3 Be7 11. f4 O-O 12. Be3 f5 13. e5 a6 14. g3 Qc7 15. Kf2 d6 16. exd6 Bxd6 17. Ng1 e5 18. Nd5 Qf7 19. Nf3 exf4 20. gxf4 Bxd5 21. Qxd5 Qxd5 22. cxd5 Nxf4 23. Bxf4 Bxf4 24. Rfe1 Rad8 25. Rad1 h6 26. Re6 Rd6 27. Rxd6 Bxd6 28. h4 Re8 29. Nd2 Be5 30. Nb3 c4 31. Na5 Bxb2 32. Nxc4 Bf6 33. h5 Re4 34. Nd6 Ra4 35. Rd2 Be5 36. Nb7 Rb4 37. Nd8 Rh4 38. Nc6 Bd6 39. Re2 Rh2+ 40. Kf3 Rxe2 41. Kxe2 Kf7 42. Kf3 Kf6 43. a4 Kg5 44. Nd4 Be5 45. Nc6 Bh2 46. Nd4 Kxh5 47. Nxf5 Kg6 48. Nd4 Kf6 49. Ne6 Bd6 50. Nd4 Ke5 51. Ke3 Bc5 0-1


[Site "https://www.chess.com"]

[Event "Titled Tuesday Blitz January 03 Early 2023"]
[White "Tactrics"]
[Black "Kalajzic, Ivan"]
[BlackFideId "14506378"]
[WhiteElo "2846"]
[BlackElo "2062"]
[Result "1-0"]
[Round "02"]
[TimeControl "180+2"]
[Date "2023.01.03"]
[WhiteClock "0:00:40"]
[BlackClock "0:00:11"]

1. e4 c6 2. Bc4 d5 3. Bb3 Nf6 4. e5 Nfd7 5. d4 e6 6. f4 f5 7. c3 c5 8. Be3 Nc6 9. Nd2 Qb6 10. Ne2 c4 11. Bc2 Qxb2 12. a4 Qb6 13. g4 g6 14. gxf5 exf5 15. h4 Bg7 16. h5 Nf8 17. h6 Qc7 18. hxg7 Qxg7 19. Nf3 Ne6 20. Ng3 Bd7 21. Rb1 b6 22. Qe2 Na5 23. Qg2 O-O-O 24. Ng5 Nxg5 25. fxg5 Be6 26. Ne2 Rd7 27. Nf4 Re8 28. Rh6 Qe7 29. Qh2 Qa3 30. Bd2 Bg8 31. Qg3 Nb3 32. Bxb3 cxb3 33. Qf3 Qxa4 34. Qd1 Rde7 35. Qxb3 Rxe5+ 36. dxe5 Rxe5+ 37. Kf2 Qe8 38. Rh3 d4 39. Qc2 Bc4 40. cxd4 Re2+ 41. Nxe2 Qxe2+ 42. Kg1 Kb7 43. Rg3 f4 44. Rg2 Qe6 45. Bxf4 Bd5 46. Qc7+ Ka8 47. Qb8# 1-0


[Site "https://www.chess.com"]